 Dungeon Crawl Stone Soup version 0.28-a0-906-g0406aca7d3 (webtiles) character file.

Game seed: 7955838356671914271

55845 Foxy the Bludgeoner (level 15, -8/125 HPs)
             Began as a Formicid Fighter on Nov 24, 2021.
             Was the Champion of Okawaru.
             Mangled by a white ugly thing (34 damage)
             ... on level 14 of the Dungeon.
             The game lasted 00:44:57 (27224 turns).

Foxy the Bludgeoner (Formicid Fighter)             Turns: 27224, Time: 00:44:58

Health: -8/125     AC:  0    Str: 24    XL:     15   Next: 19%
Magic:  0/22       EV: 13    Int: 10    God:    Okawaru [******]
Gold:   1348       SH:  0    Dex: 11    Spells: 14/14 levels left

rFire   . . .      SeeInvis .   (weapon currently unavailable)
rCold   . . .      Faith    .   (shield currently unavailable)
rNeg    . . .      Spirit   +   (armour currently unavailable)
rPois   .          Reflect  .   (helmet unavailable)
rElec   .          Harm     .   (cloak currently unavailable)
rCorr   .          Rampage  .   (gloves currently unavailable)
Will    +....                   (boots currently unavailable)
Stlth   +.........              d - amulet of guardian spirit
HPRegen 0.30/turn               (ring currently unavailable)
MPRegen 0.18/turn               (ring currently unavailable)

@: pig-form, studying Ice Magic, very quick
A: fast, no casting, permanent stasis, dig shafts and tunnels, small, (antennae
3), four strong arms
a: Renounce Religion, Heroism, Finesse, Duel


You were on level 14 of the Dungeon.
You worshipped Okawaru.
Okawaru was exalted by your worship.
You were a filthy swine.
You visited 3 branches of the dungeon, and saw 21 of its levels.
You also visited: Bailey and Ice Cave.

You collected 2673 gold pieces.
You spent 1325 gold pieces at shops.

Inventory:

Hand Weapons
 F - the +7 great mace "Undeadhunter" {disrupt, rN+}
   (You acquired it on level 3 of the Dungeon)

   It inflicts significantly more damage against the undead.
   rN:        It protects you from negative energy.
 M - a +4 demon whip of venom (melded)
Missiles
 f - 45 poisoned darts (quivered)
 x - 5 silver javelins
 O - 4 throwing nets
Armour
 b - a +0 chain mail of poison resistance
 j - a +1 plate armour of willpower
 l - the +0 pair of gloves of the True Pharaoh (melded) {Int+4}
   (Okawaru gifted it to you on level 2 of the Lair of Beasts)

   Int:       It affects your intelligence (+4).
 C - a +0 tower shield of reflection (melded)
 D - +1 ice dragon scales (melded)
 P - a +1 scale mail of fire resistance
 T - a +0 cloak (melded)
Jewellery
 c - a ring of protection from cold
 d - an amulet of guardian spirit (around neck)
 i - a ring of willpower
 k - a ring of wizardry
 q - a +4 ring of protection (melded)
 w - a ring of flight
 E - a +4 ring of evasion (melded)
 I - an amulet of faith
Wands
 n - a wand of digging (7)
 s - a wand of flame (6)
 G - a wand of acid (10)
 Y - a wand of polymorph (12)
Scrolls
 a - a scroll of holy word {unknown}
 y - a scroll of identify
 A - 2 scrolls of vulnerability
 R - 4 scrolls of amnesia
 S - a scroll of magic mapping
 V - 4 scrolls of fear
 X - a scroll of fog
 Z - 4 scrolls of brand weapon {unknown}
Potions
 e - 4 potions of ambrosia
 g - a potion of might
 h - 4 potions of lignification
 m - a potion of attraction
 p - 4 potions of curing
 r - 2 potions of berserk rage {unknown}
 t - a potion of cancellation {unknown}
 u - 2 potions of invisibility
 v - a potion of heal wounds
 z - a potion of magic {unknown}
 B - a potion of experience {unknown}
 H - 4 potions of haste {unknown}
 K - 4 potions of mutation {unknown}
 L - 2 potions of resistance
 Q - a potion of flight {unknown}
Miscellaneous
 o - a condenser vane
 J - a lightning rod (4/4)
 W - a tin of tremorstones (1/2)


   Skills:
 + Level 13.7 Fighting
 * Level 16.1 Maces & Flails
 - Level 7.5 Armour
 - Level 15.0 Shields
 - Level 10.0 Invocations


You had 14 spell levels left.
You didn't know any spells.
Your spell library contained the following spells:

 Spells                   Type           Power      Damage    Failure   Level
 Magic Dart               Conj           0%         1d3       36%         1
 Sandblast                Erth           0%         2d4       36%         1
 Searing Ray              Conj           0%         2d4       50%         2
 Sublimation of Blood     Necr           0%         N/A       50%         2
 Lesser Beckoning         Tloc           0%         N/A       75%         3
 Ozocubu's Armour         Ice            0%         N/A       75%         3
 Stone Arrow              Conj/Erth      0%         3d7       75%         3
 Fulminant Prism          Conj/Hex       0%         3d6       98%         4
 Leda's Liquefaction      Hex/Erth       0%         N/A       98%         4
 Petrify                  Tmut/Erth      0%         N/A       98%         4
 Irradiate                Conj/Tmut      0%         3d13      100%        5
 Lee's Rapid Deconstruct  Erth           0%         3d5*      100%        5
 Manifold Assault         Tloc           0%         N/A       100%        5
 Metabolic Englaciation   Hex/Ice        0%         N/A       100%        5
 Statue Form              Tmut/Erth      0%         N/A       100%        6
 Ozocubu's Refrigeration  Ice            0%         4d5       100%        7
 Lehudib's Crystal Spear  Conj/Erth      0%         10d2      100%        8
 Blink                    Tloc           Unusable   N/A       N/A         2
 Call Imp                 Summ           Unusable   N/A       N/A         2
 Animate Armour           Summ/Erth      Unusable   N/A       N/A         4
 Summon Lightning Spire   Summ/Air       Unusable   N/A       N/A         4
 Summon Forest            Summ/Tloc      Unusable   N/A       N/A         5
 Simulacrum               Ice/Necr       Unusable   N/A       N/A         6
 Summon Cactus Giant      Summ           Unusable   N/A       N/A         6
 Monstrous Menagerie      Summ           Unusable   N/A       N/A         7
 Dragon's Call            Summ           Unusable   N/A       N/A         9

Dungeon Overview and Level Annotations

Branches:
Dungeon (15/15)            Temple (1/1) D:7            Lair (6/6) D:9
 Shoals (0/4) Lair:4        Snake (0/4) Lair:4        Slime (0/5) Lair:6
 Bailey (visited)           IceCv (visited)
    Orc: D:9-12      Vaults: D:13-14     Depths: D:15

Altars:
Ashenzari
Cheibriados
Dithmenos
Elyvilon
Hepliaklqana
Kikubaaqudgha
Makhleb
Nemelex Xobeh
Okawaru
Qazlal
Ru
Sif Muna
Trog
Uskayaw
Vehumet
Wu Jian
Xom
Yredelemnul
The Shining One
Jiyva

Shops:
D:2 (?=   D:3 ?

Annotations:
D:3 Grinder
D:6 exclusion: downstairs
D:7 3 runed translucent doors, exclusion: ice statue, Encipher's ghost, novice DrTm
D:8 Psyche
D:14 Rupert
D:15 Kirke


Innate Abilities, Weirdness & Mutations

You are a filthy swine.
You move quickly.
Your equipment is almost entirely melded.
You are incapable of wielding weapons or throwing items.
You cannot cast spells.
You cannot be hasted, slowed, berserked, paralysed or teleported.
You can dig through walls and to a lower floor.
((You have a pair of large antennae on your head. (SInv)))
Your four strong arms can wield two-handed weapons with a shield.


Message History

The centaur shoots an arrow.
The arrow closely misses you.
The centaur warrior shoots an arrow.
The arrow closely misses you.
A wizard comes into view. It is wielding a +2 dagger of draining.
The hog bites you!
Found a hand crossbow.
The centaur warrior shoots an arrow.
The arrow hits you!!
* * * LOW HITPOINT WARNING * * *
The centaur shoots an arrow.
The arrow hits you!
* * * LOW HITPOINT WARNING * * *
Rupert looks as if he doubts whether you exists.
You hear a shout!
You feel much better.
Okay, then.
Okay, then.
Okay, then.
As you read the scroll of fog, it crumbles to dust.
The scroll dissolves into smoke.
The centaur warrior shoots an arrow.
The arrow hits you!!
* * * LOW HITPOINT WARNING * * *
Unknown command.
You feel much better.
The white ugly thing completely misses you.
The centaur warrior shoots an arrow.
The arrow hits you!
* * * LOW HITPOINT WARNING * * *
Unknown command.
Okay, then.
As you read the scroll of fear, it crumbles to dust.
You assume a fearsome visage.
The centaur warrior looks frightened!
The white ugly thing looks frightened!
Unknown command.
The tremorstone explodes into fragments!
The centaur warrior shoots an arrow.
The arrow hits you!
* * * LOW HITPOINT WARNING * * *
Unknown command.
You feel much better.
The centaur warrior shoots an arrow.
The arrow hits you!!
* * * LOW HITPOINT WARNING * * *
The white ugly thing engulfs you!
* * * LOW HITPOINT WARNING * * *
The white ugly thing freezes you!!
You die...

........c...c.).......#
.c###.c.c...8.8.8.8...#
# #...cc.c..cu....).#
#...#.....#c......#
#...#.....#.......#
.....#.....#..§....#
....#.#.....#§cc....#
#... #.....#§u§....#
#p##..#h§§....# #.
#..#########


You could see a white ugly thing and 2 centaur warriors.

Vanquished Creatures
  A white draconian (IceCv)
  A dire elephant (Lair:6)
  7 hydras
  Harold (Lair:2)
  A merfolk avatar (Lair:6)
  3 death yaks (Lair:3)
  Urug (Lair:2)
  2 sea snakes
  A bog body (Lair:1)
  A wizard (D:9)
  Pikel (D:7)
  A harpy (Lair:6)
  2 orc knights (D:15)
  2 cyclopes (D:12)
  2 manticores
  A torpor snail (Lair:3)
  13 elephants
  An ice statue (Lair:1)
  A gargoyle (D:12)
  7 black mambas
  13 cane toads
  13 rime drakes
  12 komodo dragons
  An ice devil (Lair:1)
  4 trolls
  3 polar bears
  18 blink frogs
  2 hornets (Lair:6)
  13 dream sheep
  2 snapping turtles (Lair:6)
  12 spriggans (Lair:2)
  2 dire elephant simulacra (Lair:1)
  23 yaks
  Sigmund (D:3)
  3 wyverns
  A death yak simulacrum (Lair:1)
  5 basilisks
  2 nagas (Lair:4)
  10 water moccasins
  8 orc warriors
  A sky beast (D:7)
  A black bear (D:7)
  3 boggarts (D:15)
  3 ogres
  4 centaurs
  A lemure (D:7)
  8 bullfrogs
  A gnoll sergeant (D:6)
  A scorpion (D:3)
  2 two-headed ogre simulacra (Lair:1)
  A cane toad simulacrum (Lair:1)
  A water moccasin zombie (D:5)
  A wyvern skeleton (D:6)
  A water moccasin skeleton (D:5)
  51 killer bees
  6 lindwurm simulacra (IceCv)
  8 wights
  3 howler monkeys (D:10)
  2 electric eels
  A jelly (D:5)
  2 centaur zombies
  5 komodo dragon simulacra (IceCv)
  2 bullfrog zombies (D:5)
  4 hounds
  A gnoll shaman (D:6)
  6 orc priests
  5 orc wizards
  5 hell rats (Lair:4)
  3 polar bear simulacra (Lair:1)
  2 spriggan simulacra (Lair:1)
  Robin (D:3)
  5 adders
  An adder (shapeshifter) (D:15)
  8 gnolls (D:6)
  A howler monkey skeleton (D:7)
  A naga simulacrum (Lair:1)
  3 acid dragon simulacra (IceCv)
  13 white imps
  An ufetubus (D:7)
  7 steam dragon simulacra (IceCv)
  2 worms
  7 dart slugs
  45 orcs
  4 bats
  6 endoplasms
  4 giant cockroaches
  14 goblins
  9 hobgoblins
  4 jackals
  3 quokkas
  3 ball pythons
  3 frilled lizards
  4 kobolds
  2 rats
484 creatures vanquished.

Vanquished Creatures (others)
  A bush (Lair:4)
  31 fungi
  62 plants
94 creatures vanquished.

Grand Total: 578 creatures vanquished

Notes
Turn   | Place    | Note
-------+----------+-------------------------------------------
     0 | D:1      | Foxy the Formicid Fighter began the quest for the Orb.
     0 | D:1      | Reached XP level 1. HP: 18/18 MP: 1/1
   235 | D:1      | Reached XP level 2. HP: 24/24 MP: 2/2
   280 | D:1      | Found a faded altar of an unknown god.
   826 | D:2      | Reached XP level 3. HP: 29/29 MP: 3/3
  1012 | D:2      | Found Pacs's Magic Scroll Shoppe.
  1039 | D:2      | Reached skill level 3 in Maces & Flails
  1422 | D:2      | Found Gaenwaew's Weapon Shop.
  1511 | D:2      | Reached XP level 4. HP: 36/37 MP: 4/4
  1572 | D:2      | Found Eraukoog's Jewellery Shoppe.
  2180 | D:3      | Noticed Grinder
  2455 | D:3      | Reached skill level 4 in Maces & Flails
  2455 | D:3      | Reached XP level 5. HP: 32/42 MP: 5/5
  2943 | D:3      | Noticed Sigmund
  2972 | D:3      | Killed Sigmund
  2973 | D:3      | Reached skill level 5 in Fighting
  2973 | D:3      | Reached skill level 5 in Maces & Flails
  2973 | D:3      | Reached XP level 6. HP: 16/51 MP: 6/6
  3195 | D:3      | Found Laniy's Magic Scroll Boutique.
  3252 | D:3      | Noticed Robin
  3261 | D:3      | Killed Robin
  3836 | D:3      | Reached XP level 7. HP: 26/56 MP: 7/7
  4507 | D:5      | Entered Level 5 of the Dungeon
  4553 | D:5      | Reached skill level 6 in Maces & Flails
  4843 | D:5      | Reached skill level 7 in Maces & Flails
  4843 | D:5      | Reached XP level 8. HP: 56/64 MP: 8/8
  6043 | D:6      | Noticed a water elemental
  6049 | D:6      | Noticed an air elemental
  6050 | D:6      | Found a stormy altar of Qazlal.
  6052 | D:6      | Noticed a fire elemental
  6062 | D:6      | Found a burning altar of Makhleb.
  6339 | D:6      | Reached skill level 8 in Maces & Flails
  6410 | D:6      | Got Sif Muna's Handbook of Unstable Illusion
  6566 | D:7      | Found a snail-covered altar of Cheibriados.
  7347 | D:7      | Noticed an ice statue
  7375 | D:7      | Noticed Pikel
  7626 | D:7      | Found a hide-covered altar of Uskayaw.
  7684 | D:7      | Reached XP level 9. HP: 71/72 MP: 9/9
  7859 | D:7      | Reached skill level 9 in Maces & Flails
  8176 | D:7      | Found a staircase to the Ecumenical Temple.
  8187 | Temple   | Entered the Ecumenical Temple
  8194 | Temple   | Became a worshipper of Warmaster Okawaru
  8847 | D:7      | Killed Pikel
  8848 | D:7      | Reached skill level 10 in Maces & Flails
  9012 | D:7      | Reached * piety under Okawaru
  9362 | D:7      | Found a runed translucent gate.
  9364 | D:7      | Found a runed translucent gate.
  9365 | D:7      | Found a runed translucent gate.
  9366 | D:7      | Noticed Encipher's ghost (novice DrTm)
  9394 | D:7      | Found an ornate altar of the Wu Jian Council.
  9797 | D:8      | Reached XP level 10. HP: 82/82 MP: 10/10
  9821 | D:8      | Found a sacrificial altar of Ru.
  9910 | D:8      | Reached skill level 11 in Maces & Flails
  9920 | D:8      | Noticed Psyche
  9956 | D:8      | Noticed a two-headed ogre
 10067 | D:8      | Found a flagged portal.
 10206 | Bailey   | Entered a bailey
 10277 | Bailey   | Noticed an orc knight
 10279 | Bailey   | Noticed an orc knight
 11131 | D:9      | Reached ** piety under Okawaru
 11188 | D:9      | You fall into a shaft and drop 3 floors!
 11200 | D:12     | Found a frozen archway.
 11275 | IceCv    | Entered an ice cave
 11631 | IceCv    | Noticed a rime drake
 11639 | IceCv    | Killed a rime drake
 11640 | IceCv    | Reached skill level 1 in Invocations
 11645 | IceCv    | Noticed an ice statue
 11822 | IceCv    | Noticed a rime drake
 11842 | IceCv    | Killed a rime drake
 12036 | IceCv    | Noticed a rime drake
 12043 | IceCv    | Killed a rime drake
 12044 | IceCv    | Reached skill level 5 in Shields
 12085 | IceCv    | Noticed a white draconian
 12085 | IceCv    | Noticed a rime drake
 12113 | IceCv    | Killed a white draconian
 12113 | IceCv    | Reached *** piety under Okawaru
 12114 | IceCv    | Reached skill level 12 in Maces & Flails
 12118 | IceCv    | Killed a rime drake
 12119 | IceCv    | Reached skill level 10 in Fighting
 12119 | IceCv    | Reached XP level 11. HP: 35/90 MP: 11/13
 12820 | D:12     | Reached **** piety under Okawaru
 13240 | D:10     | Entered Level 10 of the Dungeon
 13247 | D:10     | Reached skill level 5 in Armour
 13287 | D:9      | Found a sparkling altar of Nemelex Xobeh.
 13372 | D:9      | Found a staircase to the Lair.
 13956 | D:9      | Reached skill level 5 in Invocations
 14295 | D:9      | Noticed a wizard
 14312 | D:9      | Killed a wizard
 14507 | D:10     | Identified the +4 ring mail "Xefud" {rElec}
 14541 | D:10     | Reached ***** piety under Okawaru
 14890 | D:3      | Bought a scroll of acquirement for 520 gold pieces
 14890 | D:3      | Acquired the +7 great mace "Undeadhunter" {disrupt, rN+}
 14890 | D:3      | Found the +7 great mace "Undeadhunter" {disrupt, rN+}
 15003 | Lair:1   | Entered Level 1 of the Lair of Beasts
 15466 | Lair:1   | Noticed a five-headed hydra
 15485 | Lair:1   | Killed a five-headed hydra
 15485 | Lair:1   | Received a gift from Okawaru
 15891 | Lair:1   | Noticed a bog body
 15903 | Lair:1   | Reached XP level 12. HP: 69/100 MP: 12/16
 16252 | Lair:1   | Noticed a four-headed hydra
 16277 | Lair:1   | Killed a four-headed hydra
 16767 | Lair:1   | Received a gift from Okawaru
 17027 | Lair:1   | Got the Collected Works on Supportive Earth
 17592 | Lair:2   | Reached skill level 13 in Maces & Flails
 17614 | Lair:2   | Reached skill level 10 in Shields
 17704 | Lair:2   | Identified the +0 pair of gloves of the True Pharaoh
                  | {Int+4} (Okawaru gifted it to you on level 2 of the Lair of
                  | Beasts)
 17704 | Lair:2   | Received a gift from Okawaru
 17874 | Lair:2   | Noticed Urug
 17887 | Lair:2   | Killed Urug
 18105 | Lair:2   | Reached XP level 13. HP: 86/107 MP: 13/18
 18257 | Lair:2   | Noticed Harold
 18273 | Lair:2   | Killed Harold
 19802 | Lair:3   | Reached skill level 14 in Maces & Flails
 19974 | Lair:3   | Noticed a five-headed hydra
 20010 | Lair:3   | Killed a five-headed hydra
 20331 | Lair:3   | Noticed a five-headed hydra
 20345 | Lair:3   | Killed a five-headed hydra
 20345 | Lair:3   | Reached ****** piety under Okawaru
 20345 | Lair:3   | Identified the +5 hunting sling "Ryptit Aleo" {freeze,
                  | MP+9} (Okawaru gifted it to you on level 3 of the Lair of
                  | Beasts)
 20345 | Lair:3   | Received a gift from Okawaru
 20981 | Lair:4   | Noticed a five-headed hydra
 20996 | Lair:3   | Killed a five-headed hydra
 21232 | Lair:4   | Identified the +9 rapier "Ikopn" {vamp, *Slow rC++ rN+}
 21443 | Lair:4   | Found a staircase to the Shoals.
 21523 | Lair:4   | Reached XP level 14. HP: 94/116 MP: 15/20
 21554 | Lair:4   | Received a gift from Okawaru
 21797 | Lair:4   | Found a staircase to the Snake Pit.
 22699 | Lair:5   | Reached skill level 15 in Maces & Flails
 22889 | Lair:5   | Received a gift from Okawaru
 23467 | Lair:6   | Entered Level 6 of the Lair of Beasts
 23607 | Lair:6   | Reached skill level 10 in Invocations
 24914 | Lair:6   | Found a viscous altar of Jiyva.
 24914 | Lair:6   | Found a staircase to the Slime Pits.
 25190 | Lair:6   | Noticed a dire elephant
 25224 | Lair:6   | Killed a dire elephant
 25395 | Lair:6   | Reached XP level 15. HP: 124/124 MP: 22/22
 26417 | D:2      | Bought a scroll of fog for 28 gold pieces
 26417 | D:2      | Bought a scroll of acquirement for 728 gold pieces
 26417 | D:2      | Bought a scroll of magic mapping for 49 gold pieces
 26417 | D:2      | Acquired 903 gold pieces
 26679 | D:12     | Received a gift from Okawaru
 26723 | D:12     | You fall into a shaft and drop 3 floors!
 26723 | D:15     | Entered Level 15 of the Dungeon
 26731 | D:15     | Reached skill level 16 in Maces & Flails
 26731 | D:15     | Reached skill level 15 in Shields
 27182 | D:15     | Noticed Kirke
 27201 | D:14     | Noticed Rupert
 27224 | D:14     | Mangled by a white ugly thing

Illustrated notes

Levels and vault maps discovered:
D:1:      minmay_arrival_split_and_join, layout_loops_ring,
          hellmonk_ecumenical_altar_arch_garden
D:2:      layout_loops_cross, serial_shops, shop,
          nicolae_shop_competitors_out_of_business, nicolae_shop_trees,
          serial_aquarium, aquarium_bridge_square [aquarium_subvault_wall,
          aquarium_subvault_bridge, aquarium_subvault_bridge,
          aquarium_subvault_window], aquarium_window_corner, aquarium_window_1,
          aquarium_window_1, aquarium_view_2c, aquarium_view_4,
          aquarium_balcony_3b
D:3:      layout_basic, serial_shops, shop_fountains, uniq_grinder, uniq_robin,
          uniq_sigmund
D:4:      wander_river, layout_cave_pools
D:5:      layout_basic, st_stairs_1, minmay_holes
D:6:      layout_rooms, lemuel_crystal_altar, nicolae_qazlal_style_of_elements
D:7:      lemuel_ice_statue, layout_layer_cave, eat_drink_and_be_merry_uskayaw,
          nicolae_wu_jian_immortal_techniques, kennysheep_slug_shrine,
          minmay_temple_entry_glassed_door, gammafunk_ghost_necromancy,
          uniq_pikel
D:8:      layout_basic, lemuel_doored_altar, zin_purify, enter_bailey_4,
          uniq_psyche
D:9:      layout_basic, nemelex_xobeh_ov_fountains_minmay, lair_entry_dummy
D:10:     layout_roguey, gammafunk_temple_overflow_pools,
          minmay_misc_feat_nine_boxes
D:11:     layout_roguey, david_orc_4, uniq_nergalle
D:12:     layout_roguey, portal_ice_cave_entry_imps, statue_in_the_mist_lemuel,
          minmay_tree_intersection
D:14:     layout_stronghold, hangedman_decor_diamond_cutter,
          serial_column_ruins, column_ruins_columns_straight,
          column_ruins_columns_dead_end, column_ruins_grid_1,
          column_ruins_grid_1, column_ruins_columns_T, column_ruins_grid_1,
          uniq_rupert
D:15:     grunt_enter_depths_snipers, layout_irregular_city, uniq_jorgrun,
          uniq_kirke
Temple:   nicolae_temple_no_exploring_needed
Lair:1:   dreamdust_isle_of_ice, layout_regular_city, enter_volcano_1,
          cheibrodos_lair_reptile_den, infiniplex_staircase_pool,
          grunt_megastairs_5
Lair:2:   wad_woods_minihive, layout_cave_pods, uniq_urug, uniq_harold
Lair:3:   layout_cave_pods, grunt_megastairs_1
Lair:4:   layout_regular_city, elwin_shoals_entry_rocks,
          guppyfry_snake_entry_garden, serial_bayou_ford_a,
          chequers_serial_rivers_micro_a
Lair:5:   layout_hall_layers
Lair:6:   gammafunk_lair_ancient_temple, layout_regular_city,
          dpeg_slime_entry_enclosed_altar

Skill      XL: |  1  2  3  4  5  6  7  8  9 10 11 12 13 14 15 |
---------------+----------------------------------------------+-----
Shields        | 4 6 8 10 12 14 15 | 15.0
Maces & Flails | 3 4 5 7 8 10 12 13 14 15 16 | 16.1
Fighting       | 4 5 6 7 8 10 11 12 13 | 13.7
Invocations    | 3 6 7 9 10 | 10.0
Armour         | 4 6 7 |  7.5

Action                   |  1- 3 |  4- 6 |  7- 9 | 10-12 | 13-15 || total
-------------------------+-------+-------+-------+-------+-------++-------
Melee: Flail             |   104 |   140 |   343 |       |       ||   587
       Whip              |       |       |    26 |   531 |       ||   557
       Great mace        |       |       |       |    67 |    37 ||   104
       Demon whip        |       |       |       |   284 |   901 ||  1185
Throw: Dart              |       |     1 |    24 |       |     1 ||    26
 Abil: Dig               |     3 |    12 |    13 |    31 |    16 ||    75
Evoke: Condenser vane    |       |       |       |     1 |       ||     1
       Tin of tremorston |       |       |       |       |     1 ||     1
  Use: Scroll            |       |       |     4 |    11 |     7 ||    22
       Potion            |       |       |     3 |     4 |     5 ||    12
 Stab: Invisible         |       |       |     4 |       |     8 ||    12
       Confused          |       |       |       |     2 |       ||     2
Armor: Scale mail        |    48 |    29 |   121 |     6 |       ||   204
       Ice dragon scales |       |       |       |   228 |   198 ||   426
       Troll leather arm |       |       |       |     8 |       ||     8
       Skin              |       |       |       |     3 |       ||     3
Dodge: Dodged            |    38 |    46 |   118 |   255 |   219 ||   676
Block: Buckler           |    38 |    77 |   165 |    43 |       ||   323
       Reflection        |     1 |     7 |     9 |    17 |     5 ||    39
       Tower shield      |       |       |       |   514 |   507 ||  1021

Table legend: (Time is in decaauts)
 A = Elapsed time spent in this place.
 B = Non-inter-level travel time spent in this place.
 C = Inter-level travel time spent in this place.
 D = Time resting spent in this place.
 E = Time spent auto-exploring this place.
 F = Levels seen in this place.
 G = Mean time per level.
                   A        B        C        D        E       F      G
               +--------+--------+--------+--------+--------+-----+--------+
         Total |  26851 |  25550 |   1301 |   6247 |  13340 |  23 | 1167.4 |
       Dungeon |  13817 |  12882 |    935 |   3377 |   6528 |  14 |  986.9 |
        Temple |     14 |      8 |      6 |      0 |      0 |   1 |   14.0 |
          Lair |  10983 |  10623 |    360 |   1696 |   6771 |   6 | 1830.5 |
        Bailey |    530 |    530 |      0 |    127 |     27 |   1 |  530.0 |
      Ice Cave |   1505 |   1505 |      0 |   1047 |     14 |   1 | 1505.0 |
               +--------+--------+--------+--------+--------+-----+--------+

Top non-repeatable levels by time:
     D:7: 2431 daAuts
  Lair:1: 2268 daAuts
  Lair:2: 1919 daAuts
  Lair:6: 1914 daAuts
     D:3: 1856 daAuts
  Lair:5: 1832 daAuts
  Lair:3: 1705 daAuts
     D:2: 1653 daAuts
     D:6: 1586 daAuts
     D:9: 1553 daAuts
   IceCv: 1505 daAuts
     D:5: 1384 daAuts
  Lair:4: 1343 daAuts
     D:8: 689 daAuts
     D:1: 656 daAuts
